 Dungeon Crawl Stone Soup version 0.32-a0-597-g8e3e136d6a (webtiles) character file.

Game seed: 10915386392625732663

10558 dolemite99 the Basher (level 11, -7/133 HPs)
             Began as a Coglin Fighter on Mar 2, 2024.
             Was a Follower of Ashenzari.
             Mangled by a yak (9 damage)
             ... on level 9 of the Dungeon.
             The game lasted 00:13:34 (15071 turns).

dolemite99 the Basher (Coglin Fighter)             Turns: 15071, Time: 00:13:35

Health: -7/133     AC: 25    Str: 20    XL:     11   Next: 64%
Magic:  11/11      EV:  2    Int:  9    God:    Ashenzari [*.....]
Gold:   540        SH:  0    Dex: 13    Spells: 5/10 levels left

rFire   . . .        G - +0 morningstar {Suphaphon}
rCold   . . .        f - +2 flail "Astral Fortune-Teller" {drain, Gunther, Elem, Sorc} (curse)
rNeg    . . .        C - melded +1 plate armour of the Perceptive Planets {Range, Elem} (curse)
rPois   +            l - melded +2 helmet "Omen of the Cursed Seer" {Dev, Comp} (curse)
rElec   .            (cloak currently unavailable)
rCorr   .            (gloves currently unavailable)
SInv    .            (boots currently unavailable)
Will    .....        (no amulet)
Stlth   +            (no ring)
HPRegen 0.42/turn    (no ring)
MPRegen 0.12/turn    (no gizmo)

%: no passive effects
@: tree-form, revved
A: stationary, stasis, torment immunity, boosted hp, off-hand wielding, slow
wielding, warmup strikes, (no jewellery)
a: Invent Gizmo, Renounce Religion, Shatter the Chains


You were on level 9 of the Dungeon.
You worshipped Ashenzari.
Ashenzari was aware of your devotion.
You were a tree.
You visited 2 branches of the dungeon, and saw 10 of its levels.
You also visited: Sewer.

You collected 540 gold pieces.

Inventory:

Hand Weapons
 a - a +0 war axe {Charoen}
 d - a +0 spear {Sinnashi}
 f - the cursed +2 flail "Astral Fortune-Teller" (offhand) {drain, Gunther, Elem, Sorc}
   (You took it off Edmund on level 4 of the Dungeon)

   It has a curse which improves the following skills: Elements: Fire Magic, Ice
   Magic, Air Magic and Earth Magic.
   Sorcery:   Conjurations and Alchemy.
 n - a +0 trident {Amurritum}
 t - a +0 flail of protection {Rafael}
 z - a +4 trident
 D - a +2 trident of venom
 G - a +0 morningstar (weapon) {Suphaphon}
Missiles
 p - 33 poisoned darts
 u - 9 boomerangs
 v - a curare-tipped dart
 B - 12 stones
Armour
 b - a +0 scale mail
 l - the cursed +2 helmet "Omen of the Cursed Seer" (melded) {Dev, Comp}
   (You found it on level 2 of the Dungeon)

   It has a curse which improves the following skills: Devices: Evocations and
   Shapeshifting.
   Companions: Summonings and Necromancy.
 C - the cursed +1 plate armour of the Perceptive Planets (melded) {Range, Elem}
   (You took it off an orc warrior on level 8 of the Dungeon)

   It has a curse which improves the following skills: Ranged Combat: Ranged
   Weapons and Throwing.
   Elements:  Fire Magic, Ice Magic, Air Magic and Earth Magic.
Magical Staves
 m - a staff of air
Wands
 h - a wand of roots (6)
 q - a wand of polymorph (8)
 A - a wand of flame (23)
Scrolls
 g - a scroll of amnesia
 k - 5 scrolls of teleportation
 r - a scroll of torment
 s - 3 scrolls of vulnerability
 x - 2 scrolls of immolation
 y - a scroll of fog
 E - a scroll of revelation
Potions
 c - 2 potions of curing
 e - 2 potions of enlightenment
 i - a potion of magic
 o - 2 potions of mutation
 w - 2 potions of cancellation


   Skills:
 - Level 9.1 Fighting
 - Level 7.5(10.2) Axes
 + Level 9.8(10.7) Maces & Flails
 - Level 9.2 Armour
 - Level 2.1 Shields


You had 5 spell levels left.
You knew the following spells:

 Your Spells              Type           Power      Damage    Failure   Level
a - Blink                 Tloc           0%         N/A       52%         2
b - Sigil of Binding      Hex            0%         N/A       77%         3

Your spell library contained the following spells:

 Spells                   Type           Power      Damage    Failure   Level
 Magic Dart               Conj           0%         1d3       38%         1
 Call Imp                 Summ           0%         N/A       52%         2
 Call Canine Familiar     Summ           0%         N/A       77%         3
 Dimensional Bullseye     Hex/Tloc       0%         N/A       99%         4
 Conjure Ball Lightning   Conj/Air       0%         3x3d6     100%        6
 Discord                  Hex            0%         N/A       100%        8
 Disjunction              Tloc           0%         N/A       100%        8


Dungeon Overview and Level Annotations

Branches:
Dungeon (9/15)             Temple (0/1) D:4            Lair (1/5) D:9
  Sewer (visited)
    Orc: D:9-12

Altars:
Ashenzari
Cheibriados
Dithmenos
Elyvilon
Fedhas
Gozag
Kikubaaqudgha
Nemelex Xobeh
Okawaru
Qazlal
Trog
Vehumet
Wu Jian
Xom
Yredelemnul

Shops:
D:5 (


Innate Abilities, Weirdness & Mutations

You are a tree.
Your roots penetrate the ground, keeping you stationary.
You cannot be teleported.
You are immune to unholy pain and torment.
Your maximum health is greatly increased.
Your equipment is partially melded.
You can wield a second weapon in your off-hand.
It takes a long time for you to wield or remove held weapons.
Your first few attacks do less damage.
((You cannot equip rings or amulets.))


Message History

The yak is severely wounded.
You hit the yak with your +0 morningstar.
The yak gores you!
* * * LOW HITPOINT WARNING * * *
The yak gores you but does no damage. The yak gores you.
* * * LOW HITPOINT WARNING * * *
You hit the yak but do no damage.
The yak is almost dead.
You sock the yak with the cursed +2 flail "Astral Fortune-Teller"!
You kill the yak!
The yak barely misses you. The yak gores you.
* * * LOW HITPOINT WARNING * * *
The yak attacks as it pursues you! The yak gores you.
* * * LOW HITPOINT WARNING * * *
The yak gores you.
* * * LOW HITPOINT WARNING * * *
You see here a yak corpse.
You turn into a tree.
The cursed +2 helmet "Omen of the Cursed Seer" {Dev, Comp} melds into your body.
The cursed +1 plate armour of the Perceptive Planets {Range, Elem} melds into your body.
Your roots penetrate the ground.
Ashenzari will no longer reveal the unseen.
The yak barely misses you. The yak gores you but does no damage.
You sock the yak with the cursed +2 flail "Astral Fortune-Teller"!
You kill the yak!
You hit the yak but do no damage. You drain the yak.
The yak is lightly wounded.
You hit the yak with your +0 morningstar.
The yak gores you but does no damage.
You sock the yak with the cursed +2 flail "Astral Fortune-Teller"!
The yak is heavily wounded.
You hit the yak with your +0 morningstar.
The yak gores you.
* * * LOW HITPOINT WARNING * * *
You hit the yak with the cursed +2 flail "Astral Fortune-Teller".
You drain the yak.
The yak is almost dead.
You barely miss the yak with your +0 morningstar.
The yak gores you!
You die...

# ##.. ..# .... ..# ###
#... ..# ##....##.. #...
.. ......... #...##.###
#....#... #........
#....#...
#.#....#######....#...
#..†Y♣....... ........
#.#.##†###########.....#
..............)##........
##.#.##........#.........
# #..................
#..............>...
#.....>............
#.........#.........
#.........##........


You could see a yak (drained).

Vanquished Creatures
  Erica (D:8)
  A two-headed ogre (D:9)
  3 elephants (D:9)
  Joseph (D:8)
  Prince Ribbit (D:6)
  A hornet (D:6)
  9 yaks
  6 wyverns
  2 wraiths
  4 steam dragons
  2 vampire mosquitoes (D:9)
  Edmund (D:4)
  A water moccasin (D:9)
  4 orc warriors
  4 black bears
  A boggart (D:9)
  3 ogres
  2 centaurs (D:9)
  3 kobold brigands
  4 bullfrogs
  5 scorpions
  3 gnoll sergeants (D:9)
  6 wights
  7 killer bees
  A howler monkey (D:9)
  6 hounds
  2 jellies
  A bombardier beetle (D:6)
  6 orc priests
  A sleepcap (D:5)
  8 iguanas
  15 orc wizards
  6 gnolls
  8 adders
  2 shadow imps (D:6)
  2 ufetubi (D:7)
  5 dart slugs
  3 ribbon worms
  41 orcs
  8 endoplasms
  6 giant cockroaches
  6 goblins
  8 hobgoblins
  4 jackals (D:2)
  2 quokkas
  7 ball pythons
  5 bats
  3 frilled lizards
  16 kobolds
  7 rats
254 creatures vanquished.

Vanquished Creatures (others)
  A human (D:3)
  A gnoll sergeant (D:9)
  An orc (D:5)
3 creatures vanquished.

Grand Total: 257 creatures vanquished

Notes
Turn   | Place    | Note
-------+----------+-------------------------------------------
     0 | D:1      | dolemite99 the Coglin Fighter began the quest for the Orb.
     0 | D:1      | Reached XP level 1. HP: 18/18 MP: 1/1
   328 | D:1      | Reached XP level 2. HP: 24/24 MP: 2/2
   498 | D:1      | Reached XP level 3. HP: 23/29 MP: 3/3
  1102 | D:2      | Reached XP level 4. HP: 27/35 MP: 4/4
  1922 | D:3      | Found a broken altar of Ashenzari.
  1972 | D:3      | Found a glowing drain.
  1998 | Sewer    | Entered a sewer
  2010 | Sewer    | Noticed a kobold brigand
  2025 | D:3      | Reached skill level 5 in Axes
  2025 | D:3      | Reached XP level 5. HP: 37/41 MP: 5/5
  2030 | D:3      | Killed a kobold brigand
  2203 | D:3      | Became a worshipper of Ashenzari the Shackled
  2618 | D:3      | Found an ancient bone altar of Kikubaaqudgha.
  2621 | D:3      | Noticed a human
  2623 | D:3      | Killed a human
  2797 | D:4      | Reached XP level 6. HP: 46/47 MP: 6/6
  2856 | D:4      | Found a staircase to the Ecumenical Temple.
  3953 | D:4      | Noticed Edmund
  3978 | D:4      | Killed Edmund
  3979 | D:4      | Reached XP level 7. HP: 36/52 MP: 7/7
  4221 | D:4      | Reached skill level 1 in Maces & Flails
  4784 | D:4      | Reached * piety under Ashenzari
  4932 | D:5      | Entered Level 5 of the Dungeon
  4992 | D:5      | Found Hacous's Antique Weapon Emporium.
  5009 | D:5      | Reached XP level 8. HP: 35/58 MP: 8/8
  5192 | D:5      | Found a stormy altar of Qazlal.
  5207 | D:5      | Found a bloodstained altar of Trog.
  5397 | D:5      | Reached skill level 5 in Maces & Flails
  5555 | D:5      | Identified the Collected Works on Talus
  5774 | D:5      | Found a shimmering altar of Xom.
  5775 | D:5      | Found a radiant altar of Vehumet.
  5847 | D:5      | Found a snail-covered altar of Cheibriados.
  6261 | D:6      | Noticed a wraith
  6270 | D:6      | Killed a wraith
  6468 | D:6      | Noticed a hornet
  6491 | D:6      | Killed a hornet
  6492 | D:6      | Reached XP level 9. HP: 27/63 MP: 9/9
  6997 | D:6      | Found a basalt altar of Yredelemnul.
  7005 | D:6      | Noticed Prince Ribbit
  7018 | D:6      | Killed Prince Ribbit
  7875 | D:6      | Reached ** piety under Ashenzari
  7965 | D:7      | Found an opulent altar of Gozag.
  8270 | D:7      | Found a shadowy altar of Dithmenos.
  8338 | D:7      | Found a white marble altar of Elyvilon.
  8597 | D:7      | Found a sparkling altar of Nemelex Xobeh.
  8834 | D:7      | Found an iron altar of Okawaru.
  9048 | D:8      | Reached skill level 5 in Armour
  9363 | D:8      | Reached XP level 10. HP: 67/71 MP: 10/10
 10760 | D:8      | Found an ornate altar of the Wu Jian Council.
 10789 | D:8      | Noticed Joseph
 10801 | D:8      | Killed Joseph
 11731 | D:8      | Found a blossoming altar of Fedhas.
 11771 | D:8      | Noticed Erica
 11779 | D:8      | Killed Erica
 11780 | D:8      | Reached skill level 5 in Fighting
 12599 | D:9      | Noticed a two-headed ogre
 13227 | D:9      | Killed a two-headed ogre
 13459 | D:9      | Reached XP level 11. HP: 80/84 MP: 11/11
 13492 | D:9      | Identified the ring "Cabboutu" {rF+ Str+6}
 13958 | D:9      | Found a staircase to the Lair.
 14107 | D:9      | Learned a level 2 spell: Blink
 14111 | D:9      | Learned a level 3 spell: Sigil of Binding
 14129 | Lair:1   | Entered Level 1 of the Lair of Beasts
 15066 | D:9      | HP: 3/89 [yak (6)]
 15071 | D:9      | Mangled by a yak

Illustrated notes

Levels and vault maps discovered:
D:1:      dpeg_arrival_circle_labyrinth_a, layout_basic, minivault_19,
          minmay_parallelograms, minmay_strange_pillars,
          ebering_dispersal_statue_hall
D:2:      layout_loops_ring, hex_medium, minmay_hedge_maze, grunt_decor_cap
D:3:      layout_loops_cross, cheibrodos_ashenzari_chains, tgw_kikubaaqudgha,
          cheibrodos_sewer_entry_bend, item_on_display_a
D:4:      layout_gridville, minmay_temple_entry_tees, uniq_edmund
D:5:      layout_loops_ring, slow_altar_2, jmf_multi_god_temple,
          mainiacjoe_overflow_divided_tiny, serial_shops,
          nicolae_shop_tiny_real_fake_doors, lemuel_flame_loot_1
D:6:      cheibrodos_fzero, layout_loops_ring, mainiacjoe_overflow_paths,
          uniq_prince_ribbit1
D:7:      layout_loops_ring, okawaru_altar_gauntlet_db,
          mainiacjoe_overflow_boulevard, nicolae_dithmenos_shadow_blocks,
          lemuel_crystal_altar, nemelex_dance_club_becter, kennysheep_path_1,
          minmay_misc_feat_cross
D:8:      layout_layer_cave, lemuel_doored_altar, marbit_many_paths,
          uniq_joseph, uniq_erica
D:9:      cheibrodos_ideogram_h, layout_basic, david_lair_generic,
          serial_curves, eino_curves_01, eino_curves_03, eino_curves_03,
          eino_curves_01
Lair:1:   layout_loops_ring, chequers_serial_rivers_room_a, uniq_gastronok

Skill      XL: |  1  2  3  4  5  6  7  8  9 10 11 |
---------------+----------------------------------+-----
Axes           | 3 4 5 6 7 |  7.5
Maces & Flails | 4 7 9 |  9.8
Armour         | 6 7 9 |  9.2
Fighting       | 7 9 |  9.1
Shields        | |  2.1

Action                     |  1- 3 |  4- 6 |  7- 9 | 10-12 || total
---------------------------+-------+-------+-------+-------++-------
  Melee: War axe           |    78 |   101 |    66 |       ||   245
         Spear             |       |    81 |       |       ||    81
         Trident           |       |    31 |       |       ||    31
         Flail             |       |       |   331 |   462 ||   793
         Morningstar       |       |       |       |    20 ||    20
  Throw: Dart              |       |       |       |     5 ||     5
         Boomerang         |       |       |       |     2 ||     2
 Invoke: Curse Item        |       |     1 |     2 |     1 ||     4
         Shatter the Chain |       |       |       |     1 ||     1
  Evoke: Wand              |       |       |     9 |     2 ||    11
    Use: Potion            |     1 |       |     2 |     6 ||     9
         Scroll            |       |    10 |     1 |     3 ||    14
 Armour: Scale mail        |    64 |    99 |   136 |       ||   299
         Chain mail        |       |       |    52 |    43 ||    95
         Plate armour      |       |       |       |   350 ||   350
         Skin              |       |       |       |     4 ||     4
  Dodge: Dodged            |    41 |    58 |    80 |    97 ||   276
  Block: Buckler           |    18 |       |       |       ||    18

Table legend: (Time is in decaauts)
 A = Elapsed time spent in this place.
 B = Non-inter-level travel time spent in this place.
 C = Inter-level travel time spent in this place.
 D = Time resting spent in this place.
 E = Time spent auto-exploring this place.
 F = Levels seen in this place.
 G = Mean time per level.
                   A        B        C        D        E       F      G
               +--------+--------+--------+--------+--------+-----+--------+
         Total |  15093 |  14731 |    362 |   7155 |   5439 |  11 | 1372.1 |
       Dungeon |  15065 |  14703 |    362 |   7155 |   5439 |   9 | 1673.9 |
          Lair |      2 |      2 |      0 |      0 |      0 |   1 |    2.0 |
         Sewer |     25 |     25 |      0 |      0 |      0 |   1 |   25.0 |
               +--------+--------+--------+--------+--------+-----+--------+

Top non-repeatable levels by time:
     D:8: 4218 daAuts
     D:9: 1787 daAuts
     D:4: 1755 daAuts
     D:6: 1690 daAuts
     D:5: 1332 daAuts
     D:3: 1289 daAuts
     D:7: 1071 daAuts
     D:2: 973 daAuts
     D:1: 946 daAuts
   Sewer: 25 daAuts
  Lair:1: 2 daAuts
